 Dungeon Crawl Stone Soup version 0.31.0-1-g2c135a008e (webtiles) character file.

Game seed: 7375270648216647436

182 qw the Shooter (level 5, -3/40 HPs)
             Began as a Djinni Hunter on Jan 23, 2024.
             Slain by a river rat (7 damage)
             ... in a sewer.
             The game lasted 00:00:07 (1401 turns).

qw the Shooter (Djinni Hunter)                      Turns: 1401, Time: 00:00:07

Health: -3/40      AC:  4    Str:  8 (10) XL:     5   Next: 93%
Gold:   57         EV: 12    Int: 10      God:
                   SH:  5    Dex: 19

rFire   + + .        a - +0 shortbow
rCold   x . .        (shield currently unavailable)
rNeg    . . .        c - +0 leather armour
rPois   inf          (no helmet)
rElec   .            (no cloak)
rCorr   .            b - +0 pair of gloves
SInv    .            (boots unavailable)
Will    .....        i - amulet of reflection
Stlth   ++           (no ring)
HPRegen 0.26/turn    (no ring)
MPRegen 0.00/turn

%: reflection, infuse magic (-4 HP)
@: flying
A: sickness immunity, fire resistance 2, cold vulnerability 1, float, innate
caster, HP casting, extra vitality 1
a: no special abilities


You were in a sewer.
You visited 1 branch of the dungeon, and saw 3 of its levels.
You also visited: Sewer.

You collected 57 gold pieces.


Innate Abilities, Weirdness & Mutations

You are immune to sickness and miasma.
You are immune to poison.
Your flesh is very heat resistant. (rF++)
You are vulnerable to cold. (rC-)
You float through the air rather than walking.
You learn spells naturally, not from books.
Your magical power is your life essence.
You have superior vitality. (+4 MHP)


   Skills:
 - Level 3.0 Fighting
 + Level 4.8 Ranged Weapons
 - Level 3.1 Dodging
 - Level 0.7 Stealth


You knew the following spells:

 Your Spells              Type           Power      Damage    Failure   Level
a - Shock                 Conj/Air       0%         1d3       50%         1
b - Call Imp              Summ           0%         N/A       63%         2
Your spell library was empty.

Inventory:

Hand Weapons
 a - a +0 shortbow (weapon)
Armour
 b - a +0 pair of gloves (worn)
 c - a +0 leather armour (worn)
Jewellery
 i - an amulet of reflection (around neck)
Wands
 e - a wand of roots (8)
Potions
 f - a potion of heal wounds {unknown}
 h - a potion of cancellation
 j - a potion of curing {unknown}
 k - a potion of might {unknown}

Dungeon Overview and Level Annotations

Branches:
Dungeon (3/15)              Sewer (1/1)

Altars:

Shops:
D:1 :


Message History

The river rat is almost dead.
The river rat misses you.
You shoot an arrow. The arrow closely misses the river rat.
The river rat barely misses you.
The river rat bites you but does no damage.
The river rat bites you. You block the river rat's attack.
The river rat barely misses you. The river rat bites you.
You shoot an arrow. The arrow closely misses the river rat.
The arrow hits the rat.
You kill the rat!
The river rat bites you. The river rat misses you.
The river rat closely misses you.
You shoot an arrow. The arrow hits the river rat!
You kill the river rat!
The river rat bites you but does no damage.
The river rat bites you.
You shoot an arrow. The arrow hits the river rat.
The river rat is lightly wounded.
The river rat bites you! You block the river rat's attack.
You shoot an arrow. The arrow barely misses the river rat.
The river rat bites you but does no damage.
You block the river rat's attack.
You shoot an arrow. The arrow barely misses the river rat.
The river rat misses you. You block the river rat's attack.
You shoot an arrow. The arrow closely misses the river rat.
The river rat bites you. The river rat closely misses you.
You block the river rat's attack. The river rat misses you.
You shoot an arrow. The arrow hits the river rat.
The river rat is heavily wounded.
The river rat closely misses you. You block the river rat's attack.
You shoot an arrow. The arrow hits the river rat!
You kill the river rat!
The river rat closely misses you.
You feel your dexterity returning.
You shoot an arrow. The arrow hits the river rat.
The river rat is moderately wounded.
The river rat misses you.
You shoot an arrow. The arrow closely misses the river rat.
The river rat bites you!
You die...

#########
#~~~@.~.#
#~~.~r\~~~.~#
~~.~~#####~~~~~
.~~# #~.. ~. .~
~ ~


You could see a river rat.

Vanquished Creatures
  3 gnolls (D:3)
  6 adders
  3 river rats (Sewer)
  3 dart slugs
  An orc (D:3)
  10 ball pythons
  3 endoplasms
  3 giant cockroaches
  3 goblins
  6 hobgoblins
  A quokka (D:1)
  10 bats
  2 frilled lizards
  4 kobolds
  9 rats
67 creatures vanquished.

Notes
Turn   | Place    | Note
-------+----------+-------------------------------------------
     0 | D:1      | qw the Djinni Hunter began the quest for the Orb.
     0 | D:1      | Reached XP level 1. HP: 18/18 MP: 0/0
     0 | D:1      | 0 ||| qw: Version: 0.3-a-136-gdd3b4e8
     0 | D:1      | 0 ||| qw: Game counter: 1175
     0 | D:1      | 0 ||| qw: Melee chars always use a shield: true
     0 | D:1      | 0 ||| qw: God list: Okawaru
     0 | D:1      | 0 ||| qw: Allow faded altars: false
     0 | D:1      | 0 ||| qw: Do Orc after clearing Dungeon:15 true
     0 | D:1      | 0 ||| qw: Do second Lair branch before Depths: true
     0 | D:1      | 0 ||| qw: Lair rune preference: random
     0 | D:1      | 0 ||| qw: Goals: Normal
     0 | D:1      | 0 ||| PLANNING D:1-11
    91 | D:1      | Reached XP level 2. HP: 17/23 MP: 0/0
   147 | D:1      | Found Qokahoy's Book Emporium.
   156 | D:1      | 156 ||| DROPPING scroll of butterflies.
   328 | D:1      | Reached skill level 4 in Ranged Weapons
   328 | D:1      | Reached XP level 3. HP: 28/28 MP: 0/0
   328 | D:1      | Learned a level 1 spell: Shock
   601 | D:1      | 601 ||| UPGRADING to +0 pair of gloves.
   606 | D:1      | 606 ||| UPGRADING to amulet of regeneration.
   611 | D:1      | 611 ||| READING scroll labelled QAN QENGAEDIO.
   705 | D:2      | Reached skill level 3 in Fighting
   705 | D:2      | Reached XP level 4. HP: 23/35 MP: 0/0
   959 | D:2      | 959 ||| READING scroll labelled TIOTUJILA.
   960 | D:2      | 960 ||| DRINKING 2 fuming silvery potions.
   961 | D:2      | 961 ||| DRINKING 2 fizzy blue potions.
   962 | D:2      | 962 ||| DROPPING potion of degeneration.
   985 | D:3      | 985 ||| PLANNING SEWER
   990 | D:3      | Reached skill level 3 in Dodging
  1000 | D:3      | Reached XP level 5. HP: 12/40 MP: 0/0
  1000 | D:3      | Learned a level 2 spell: Call Imp
  1106 | D:3      | HP: 9/40 [adder (2)]
  1107 | D:3      | 1107 ||| READING scroll of teleportation.
  1108 | D:3      | HP: 4/40 [endoplasm (1)]
  1355 | D:3      | Found a glowing drain.
  1356 | D:3      | 1356 ||| UPGRADING to amulet of reflection.
  1366 | D:3      | 1366 ||| DROPPING amulet of regeneration.
  1367 | D:3      | 1367 ||| READING scroll labelled YLLYISMOXOM.
  1378 | Sewer    | Entered a sewer
  1394 | Sewer    | HP: 4/40 [river rat (8)]
  1401 | Sewer    | Slain by a river rat

Levels and vault maps discovered:
D:1:      nagdon_arrival_double_spiral, layout_basic, serial_shops,
          nicolae_shop_waterfront
D:2:      layout_rooms
D:3:      layout_loops_corners, cheibrodos_sewer_entry_drain,
          kennysheep_generic_room_4
Sewer:    sewer_hellmonk_bad_rat

Skill      XL: |  1  2  3  4 |
---------------+-------------+-----
Ranged Weapons | 4 |  4.8
Fighting       | 3 |  3.0
Dodging        | 3 |  3.1
Stealth        | |  0.7

Action                     |  1- 3 |  4- 6 || total
---------------------------+-------+-------++-------
   Fire: Shortbow          |    80 |   131 ||   211
    Use: Scroll            |     1 |     3 ||     4
         Potion            |       |     2 ||     2
 Armour: Leather armour    |    19 |    70 ||    89
  Dodge: Dodged            |    13 |    74 ||    87
  Block: Other             |       |     6 ||     6

Table legend:
 A = Non-vault XP
 B = Vault XP
 C = Vault XP percentage of total XP
 D = Non-vault monster count
 E = Vault monster count
 F = Vault count percentage of total count
                 A         B        C        D         E       F
            +---------+---------+-------+---------+---------+-------
      Total |     200 |      61 |  23.4 |      58 |       9 |  13.4
            +---------+---------+-------+---------+---------+-------
        D:1 |      49 |       0 |   0.0 |      28 |       0 |   0.0
        D:2 |      57 |       0 |   0.0 |      18 |       0 |   0.0
        D:3 |      94 |      18 |  16.1 |      12 |       4 |  25.0
      Sewer |       0 |      43 | 100.0 |       0 |       5 | 100.0
            +---------+---------+-------+---------+---------+-------
